 Dungeon Sprint DCSS version 0.21-a0-401-g0b6bec4 (webtiles) character file.

52866 Ordine the Peltast (level 14, -4/98 HPs)
             Began as a Gargoyle Fighter on Oct 23, 2017.
             Was the Champion of Okawaru.
             Slain by an azure jelly (10 damage)
             ... while paralysed by a great orb of eyes
             ... in the Dungeon (Sprint V: "Ziggurat Sprint").
             The game lasted 00:35:33 (2046 turns).

Ordine the Peltast (Gargoyle Fighter)               Turns: 2046, Time: 00:35:34

Health: -4/98      AC: 35    Str: 29    XL:     14   Next: 65%
Magic:  0/24       EV:  2    Int: 16    God:    Okawaru [******]
Gold:   0          SH:  0    Dex: 18    Spells: 2/18 levels left

rFire    . . .     SeeInvis .   a - +6 shillelagh "Devastator" {shatter}
rCold    + + .     Gourm    .   c - +18 shield of the Gong {rElec rN+ MR+ EV-5}
rNeg     + + +     Faith    .   Q - +6 plate armour of Shadows and Fog {Str+4 Dex+2}
rPois    ∞         Spirit   +   R - +1 helmet {Int+3}
rElec    +         Reflect  .   U - +1 cloak {+Inv}
rCorr    .         Harm     .   S - +1 pair of gloves {Dex+3}
MR       +....     NoTele   +   p - +1 pair of boots {run}
Stlth    ..........             m - amulet of Ampyucy {Spirit rElec rN++ MR- Int+4}
HPRegen  0.26/turn              T - ring "Madau" {Ice Slay+6}
MPRegen  0.19/turn              l - ring "Mekk" {rF+ rC+ Dex+4}

@: confused, paralysed, finesse, corroded, flying, studying 3 skills, quick
A: big wings, negative energy resistance 1, electricity resistance, unbreathing,
petrification resistance, rot immunity, AC +10
a: Stop Flying, Heroism, Finesse, Renounce Religion, Evoke Invisibility


You were in the Dungeon.
You worshipped Okawaru.
Okawaru was exalted by your worship.
You were not hungry.

You visited 1 branch

Inventory:

Hand Weapons
 a - the +6 shillelagh "Devastator" (weapon) {shatter}
   (You found it in the Dungeon)
 b - a +4 eveningstar of crushing
Armour
 c - the +18 shield of the Gong (worn) {rElec rN+ MR+ EV-5}
   (You found it in the Dungeon)

   It affects your evasion (-5).
   It insulates you from electricity.
   It protects you from negative energy.
   It affects your resistance to hostile enchantments.
 p - a +1 pair of boots of running (worn)
 Q - the +6 plate armour of Shadows and Fog (worn) {Str+4 Dex+2}
   (You found it in the Dungeon)

   It affects your strength (+4).
   It affects your dexterity (+2).
 R - a +1 helmet of intelligence (worn)
 S - a +1 pair of gloves of dexterity (worn)
 U - a +1 cloak of invisibility (worn)
Magical Staves
 s - an uncursed staff of energy
Jewellery
 l - the ring "Mekk" (right hand) {rF+ rC+ Dex+4}
   (You found it in the Dungeon)

   [ring of protection from cold]

   It affects your dexterity (+4).
   It protects you from fire.
   It protects you from cold.
 m - the amulet of Ampyucy (around neck) {Spirit rElec rN++ MR- Int+4}
   (You acquired it in the Dungeon)

   [amulet of guardian spirit]

   It causes incoming damage to be split between your health and magic.
   It affects your intelligence (+4).
   It insulates you from electricity.
   It greatly protects you from negative energy.
   It affects your resistance to hostile enchantments.
 J - the ring of Shadows {Umbra +Inv Stlth+}
   (You found it in the Dungeon)

   [ring of stealth]

   It lets you turn invisible.
   It makes you more stealthy.
 P - an uncursed ring of see invisible
 T - the ring "Madau" (left hand) {Ice Slay+6}
   (You took it off a deep elf mage in the Dungeon)

   [ring of ice]

   It enhances your ice magic.
   It affects your accuracy and damage with ranged weapons and melee attacks
   (+6).
   It makes you vulnerable to fire.
   It protects you from cold.
Wands
 u - a wand of acid (5/15)
 v - a wand of disintegration (7/24)
 w - a wand of iceblast (5/15)
 x - a wand of lightning (5/15)
Scrolls
 k - 4 scrolls of blinking
 y - 4 scrolls of amnesia
 B - 2 scrolls of fear
 C - 7 scrolls of fog
 D - a scroll of holy word
 E - 4 scrolls of identify
 F - 3 scrolls of recharging
 G - 5 scrolls of remove curse
Potions
 d - 5 potions of might
 e - 6 potions of curing
 g - 28 potions of heal wounds
 h - 6 potions of haste
 i - 7 potions of magic
 H - 5 potions of agility
 I - 2 potions of brilliance
 K - 2 potions of invisibility
 L - 4 potions of resistance
Books
 q - a manual of Charms
 N - a manual of Earth Magic
 O - a manual of Transmutations
 V - a book of Battle

   Spells                             Type                      Level
   a - Infusion                       Charms                       1
   b - Shroud of Golubria             Charms/Translocation         2
   c - Song of Slaying                Charms                       2
   d - Spectral Weapon                Hexes/Charms                 3
   e - Regeneration                   Charms/Necromancy            3
Miscellaneous
 j - a lamp of fire
 n - a lightning rod (4/4)
 o - 2 sacks of spiders
 r - 2 boxes of beasts
 t - a crystal ball of energy
 M - a fan of gales
 W - a phial of floods
Comestibles
 f - 4 bread rations
 z - 42 fruits
 A - 4 meat rations


   Skills:
 - Level 15.3 Fighting
 - Level 16.0 Maces & Flails
 - Level 14.7 Armour
 - Level 10.6 Dodging
 - Level 16.0 Shields
 + Level 2.8 Spellcasting
 + Level 9.6 Hexes
 + Level 11.0 Charms
 + Level 8.8 Air Magic
 + Level 11.6 Earth Magic
 - Level 12.0 Invocations
 * Level 13.7 Evocations


You had 2 spell levels left.
You knew the following spells:

 Your Spells              Type           Power        Failure   Level  Hunger
a - Silence               Hex/Air        ####......   56%         5    ######.
c - Song of Slaying       Chrm           #####...     1%          2    ##.....
d - Shatter               Erth           #####.....   100%        9    #######


Dungeon Overview and Level Annotations

Branches:
Dungeon (1/1)

Altars:
Ashenzari
Cheibriados
Dithmenos
Elyvilon
Fedhas
Gozag
Hepliaklqana
Kikubaaqudgha
Makhleb
Nemelex Xobeh
Okawaru
Qazlal
Ru
Sif Muna
Trog
Uskayaw
Vehumet
Wu Jian
Xom
Yredelemnul
Zin
The Shining One
Beogh
Jiyva
Lugonu


Innate Abilities, Weirdness & Mutations

You are resistant to torment.
Your stone body is resilient. (AC +10)
You are immune to poison.
Your large and strong wings let you fly indefinitely.
You resist negative energy. (rN+)
You are resistant to electric shocks. (rElec)
You can survive without breathing.
You are immune to petrification.
You are immune to rotting.


Message History

The acid blob spits acid at you. The splash of acid hits you!
* * * LOW HITPOINT WARNING * * *
You are splashed with acid!
The acid burns!
* * * LOW HITPOINT WARNING * * *
The azure jelly hits you but does no damage.
The azure jelly barely misses you.
The azure jelly hits you but does no damage. x2
The great orb of eyes gazes at you.
You suddenly lose the ability to move!
The azure jelly hits you but does no damage. x4
The jelly hits you but does no damage.
The jelly jiggles.
The acid blob jiggles.
The acid blob hits you but does no damage.
The ooze hits you but does no damage.
The azure jelly hits you but does no damage. x4
The azure jelly hits you.
* * * LOW HITPOINT WARNING * * *
The azure jelly freezes you! You resist.
You die...

......_▓▓...............▓......)(
..=...8▓▓...............▓......|)
......_▓▓...............▓.....)(.
......8▓▓...............▓..▓..)()
......_▓▓...............▓.▓▓▓....
......8▓▓...............▓..▓.....
......_▓▓...▓.JJJ...▓...▓........
8_8_8_8▓▓.....JGJJ......▓......©.
▓▓▓▓▓▓▓▓▓....GJJ@JJ.....▓▓▓▓▓▓▓▓▓
▓....JGJG.G.....▓.....8©8
▓▓▓▓▓▓▓▓▓▓▓▓▓▓▓▓▓..})=|):
▓..[}[|). ▓........ ▓........
▓........ ▓.....††) ▓........


You could see an acid blob, 2 azure jellies, 3 great orbs of eyes, an enormous
slime creature, a slime creature, a shining eye, a death ooze, 4 jellies, 2
oozes and a golden eye.

Vanquished Creatures
  A bone dragon (D)
  A death cob (D)
  2 tentacled starspawn (D)
  A shadow dragon (D)
  A ghoul (D)
  A draconian stormcaller (D)
  2 very ugly things (D)
  An entropy weaver (shapeshifter) (D)
  2 black draconians (D)
  2 green draconians (D)
  A white draconian (D)
  A deep elf annihilator (D)
  2 yellow draconians (D)
  5 red draconians (D)
  A blizzard demon (D)
  A deep elf high priest (D)
  An ice dragon (D)
  A naga warrior (D)
  An anaconda (shapeshifter) (D)
  An anaconda (D)
  A thrashing horror (D)
  3 soul eaters (D)
  A shock serpent (shapeshifter) (D)
  2 deep elf knights (D)
  3 fire crabs (shapeshifter) (D)
  A glowing orange brain (shapeshifter) (D)
  A sea snake (shapeshifter) (D)
  2 deep elf archers (D)
  A mana viper (shapeshifter) (D)
  An ugly thing (D)
  A wolf spider (shapeshifter) (D)
  5 deep elf magi (D)
  3 draconians (D)
  A black mamba (shapeshifter) (D)
  3 naga magi (D)
  2 guardian serpents (shapeshifter) (D)
  An apocalypse crab (D)
  4 black mambas (D)
  2 spiny frogs (D)
  A smoke demon (D)
  A freezing wraith (D)
  An ancient zyme (D)
  2 ice devils (D)
  A merfolk (shapeshifter) (D)
  A raiju (D)
  A dream sheep (shapeshifter) (D)
  A raiju (shapeshifter) (D)
  A hippogriff (shapeshifter) (D)
  A hippogriff (D)
  2 air elementals (D)
  A wraith (D)
  A tarantella (shapeshifter) (D)
  2 spriggans (D)
  A spriggan (shapeshifter) (D)
  A ynoxinul (D)
  3 small abominations (D)
  A hog (shapeshifter) (D)
  2 yaks (D)
  A hungry ghost (D)
  A basilisk (shapeshifter) (D)
  A naga (D)
  2 porcupines (D)
  6 water moccasins (D)
  3 ice beasts (D)
  A sky beast (shapeshifter) (D)
  A black bear (D)
  A necrophage (D)
  2 wolves (D)
  A crocodile (D)
  3 wights (D)
  5 crimson imps (D)
  4 orc wizards (D)
  A jelly (D)
  4 quasits (D)
  4 iron imps (D)
  An iguana (D)
  A hell rat (D)
  4 adders (D)
  A river rat (D)
  3 shadow imps (D)
  4 white imps (D)
  An ufetubus (D)
  An ooze (D)
  A spectral adder (D)
  An adder zombie (D)
  3 adder skeletons (D)
  An adder simulacrum (D)
  2 bat skeletons (D)
  A bat zombie (D)
  3 ball pythons (D)
  A ball python zombie (D)
  A bat simulacrum (D)
  A giant cockroach zombie (D)
  A leopard gecko simulacrum (D)
  A leopard gecko skeleton (D)
  A quokka skeleton (D)
  A spectral leopard gecko (D)
168 creatures vanquished.

Vanquished Creatures (others)
  A flying skull (D)
  4 starspawn tentacles (D)
5 creatures vanquished.

Grand Total: 173 creatures vanquished

Notes
Turn   | Place    | Note
-------+----------+-------------------------------------------
     0 | D        | Found the +6 Majin-Bo {vamp, Archmagi MP+6 Int+6}
     0 | D        | Found the +7 great mace "Firestarter" {inner flame, rF++}
     0 | D        | Ordine the Gargoyle Fighter began the quest for the Orb.
     0 | D        | Reached XP level 1. HP: 14/14 MP: 1/1
     0 | D        | Found a blossoming altar of Fedhas.
     1 | D        | Found a transporter.
     1 | D        | Found a viscous altar of Jiyva.
     1 | D        | Found an ancient bone altar of Kikubaaqudgha.
     1 | D        | Found a hazy altar of Hepliaklqana.
     1 | D        | Found a corrupted altar of Lugonu.
     1 | D        | Found an opulent altar of Gozag.
     1 | D        | Found a burning altar of Makhleb.
     5 | D        | Found an iron altar of Okawaru.
     5 | D        | Found a stormy altar of Qazlal.
     5 | D        | Found a sparkling altar of Nemelex Xobeh.
     5 | D        | Found a sacrificial altar of Ru.
     5 | D        | Found a deep blue altar of Sif Muna.
    22 | D        | Found the +9 heavy crossbow "Sniper" {velocity, Acc+∞ SInv}
    22 | D        | Found the +10 dark maul {crush}
    22 | D        | Found the +15 Maxwell's patent armour {-Cast -Tele rElec MR+ rCorr}
    22 | D        | Found the +18 shield of the Gong {rElec rN+ MR+ EV-5}
    22 | D        | Found the cursed +14 obsidian axe {chop, +Fly SInv *Curse}
    24 | D        | Found the +6 shillelagh "Devastator" {shatter}
    24 | D        | Found the +11 plutonium sword {*Contam Stlth-}
    24 | D        | Found the +8 lance "Wyrmbane" {slay drac, rPois rF+ rC+ AC+3}
    24 | D        | Found the +9 sword of Zonguldrok {reap}
    24 | D        | Found the cursed +13 scythe of Curses {drain, *Curse}
    24 | D        | Found the +0 sword of Power
    24 | D        | Found the +2 mace of Variability {chaos}
    24 | D        | Found the +7 Singing Sword
    24 | D        | Found the +7 longbow "Piercer" {penet, EV-2}
    27 | D        | Found a bloodstained altar of Trog.
    50 | D        | Reached skill level 5 in Shields
    50 | D        | Reached XP level 2. HP: 19/19 MP: 2/2
    89 | D        | Became a worshipper of Warmaster Okawaru
   136 | D        | Entered arena 2.
   136 | D        | Noticed a thrashing horror
   136 | D        | Found a transporter.
   146 | D        | Killed a thrashing horror
   146 | D        | Reached * piety under Okawaru
   146 | D        | Reached ** piety under Okawaru
   146 | D        | Reached *** piety under Okawaru
   146 | D        | Received a gift from Okawaru
   146 | D        | Reached **** piety under Okawaru
   146 | D        | Received a gift from Okawaru
   146 | D        | Reached XP level 3. HP: 23/23 MP: 3/3
   146 | D        | Reached XP level 4. HP: 28/28 MP: 4/4
   146 | D        | Reached XP level 5. HP: 32/32 MP: 5/5
   146 | D        | Reached XP level 6. HP: 37/37 MP: 6/6
   146 | D        | Reached XP level 7. HP: 41/41 MP: 7/7
   191 | D        | Entered arena 3.
   191 | D        | Found a transporter.
   199 | D        | Got the ring "Mekk" {rF+ rC+ Dex+4}
   205 | D        | Entered arena 4.
   205 | D        | Noticed a yak
   205 | D        | Noticed a yak
   205 | D        | Found a transporter.
   212 | D        | Killed a yak
   212 | D        | Reached skill level 1 in Dodging
   213 | D        | Killed a yak
   213 | D        | Reached XP level 8. HP: 41/48 MP: 8/8
   228 | D        | Got a warped crystal amulet
   229 | D        | Identified the amulet of Ampyucy {Spirit rElec rN++ MR- Int+4} (You acquired it in the Dungeon)
   232 | D        | Entered arena 5.
   232 | D        | Found a transporter.
   235 | D        | Reached skill level 5 in Fighting
   235 | D        | Reached skill level 5 in Armour
   235 | D        | Reached skill level 1 in Invocations
   305 | D        | Entered arena 6.
   305 | D        | Noticed a spriggan
   305 | D        | Noticed a spriggan
   305 | D        | Found a transporter.
   311 | D        | Reached ***** piety under Okawaru
   311 | D        | Reached skill level 1 in Evocations
   312 | D        | Killed a spriggan
   312 | D        | Killed a spriggan
   324 | D        | Entered arena 7.
   324 | D        | Noticed a red draconian
   324 | D        | Noticed a draconian
   324 | D        | Noticed a draconian
   324 | D        | Noticed a draconian
   324 | D        | Noticed a death cob
   324 | D        | Noticed a yellow draconian
   325 | D        | Found a transporter.
   336 | D        | Killed a draconian
   336 | D        | Received a gift from Okawaru
   336 | D        | Reached XP level 9. HP: 54/56 MP: 5/11
   338 | D        | Killed a death cob
   338 | D        | Reached skill level 5 in Dodging
   338 | D        | Reached skill level 5 in Invocations
   338 | D        | Reached XP level 10. HP: 26/64 MP: 2/14
   344 | D        | Killed a draconian
   344 | D        | Received a gift from Okawaru
   344 | D        | Reached skill level 5 in Evocations
   346 | D        | Killed a draconian
   351 | D        | Killed a yellow draconian
   355 | D        | Killed a red draconian
   355 | D        | Reached skill level 10 in Fighting
   368 | D        | Identified a +1 pair of boots of running (Okawaru gifted it to you in the Dungeon)
   417 | D        | Entered arena 8.
   418 | D        | Found a transporter.
   440 | D        | Entered arena 9.
   440 | D        | Noticed a tentacled starspawn
   440 | D        | Noticed a smoke demon
   441 | D        | Found a transporter.
   444 | D        | Noticed a black mamba
   444 | D        | a soldier ant changed into a black mamba
   449 | D        | Killed a black mamba
   449 | D        | Reached XP level 11. HP: 73/73 MP: 11/16
   450 | D        | Killed a tentacled starspawn
   558 | D        | Entered arena 10.
   559 | D        | Found the ring of Shadows {Umbra +Inv Stlth+}
   559 | D        | Found a transporter.
   567 | D        | Reached skill level 10 in Armour
   568 | D        | Reached ****** piety under Okawaru
   594 | D        | Entered arena 11.
   594 | D        | Noticed a tentacled starspawn
   595 | D        | Found a transporter.
   603 | D        | Killed a tentacled starspawn
   603 | D        | Received a gift from Okawaru
   603 | D        | Reached skill level 15 in Shields
   625 | D        | Entered arena 12.
   627 | D        | Found a transporter.
   638 | D        | Reached XP level 12. HP: 84/84 MP: 19/19
   639 | D        | Reached skill level 10 in Invocations
   649 | D        | Identified the Collected Works on Fiery Lightness (You found it in the Dungeon)
   651 | D        | Identified the Collected Works on Fiery Lightness (You found it in the Dungeon)
   657 | D        | Learned a level 5 spell: Silence
   657 | D        | Identified the Collected Works on Fiery Lightness (You found it in the Dungeon)
   664 | D        | Entered arena 13.
   664 | D        | Noticed a red draconian
   664 | D        | Noticed a green draconian
   664 | D        | Noticed a black draconian
   664 | D        | Noticed a white draconian
   664 | D        | Noticed a green draconian
   665 | D        | Noticed a red draconian
   665 | D        | Noticed a red draconian
   665 | D        | Noticed a white draconian stormcaller
   665 | D        | Noticed a black draconian
   665 | D        | Noticed a yellow draconian
   665 | D        | Noticed a red draconian
   666 | D        | Found a transporter.
   675 | D        | Killed a red draconian
   677 | D        | Killed a green draconian
   677 | D        | Received a gift from Okawaru
   680 | D        | Killed a red draconian
   680 | D        | Killed a red draconian
   681 | D        | Killed a green draconian
   681 | D        | Reached skill level 1 in Hexes
   681 | D        | Reached skill level 1 in Air Magic
   683 | D        | Killed a white draconian
   683 | D        | Received a gift from Okawaru
   684 | D        | Killed a black draconian
   684 | D        | Received a gift from Okawaru
   690 | D        | Killed a red draconian
   691 | D        | Killed a yellow draconian
   696 | D        | Killed a white draconian stormcaller
   696 | D        | Reached skill level 10 in Dodging
   700 | D        | Killed a black draconian
   700 | D        | Received a gift from Okawaru
   700 | D        | Reached XP level 13. HP: 28/91 MP: 4/22
  1013 | D        | Entered arena 14.
  1016 | D        | Found a transporter.
  1024 | D        | Reached skill level 1 in Charms
  1043 | D        | Reached skill level 15 in Fighting
  1067 | D        | Entered arena 15.
  1068 | D        | Noticed a ghoul
  1069 | D        | Noticed a shadow dragon
  1070 | D        | Found a transporter.
  1085 | D        | Killed a ghoul
  1085 | D        | Reached skill level 5 in Hexes
  1085 | D        | Reached skill level 10 in Evocations
  1171 | D        | Killed a shadow dragon
  1171 | D        | Reached skill level 15 in Maces & Flails
  1171 | D        | Reached skill level 5 in Charms
  1171 | D        | Reached skill level 5 in Air Magic
  1177 | D        | Got the +6 plate armour of Shadows and Fog {Str+4 Dex+2}
  1179 | D        | Identified the Grimoire of Dislocation (You found it in the Dungeon)
  1325 | D        | Entered arena 16.
  1326 | D        | Noticed a blizzard demon
  1326 | D        | Noticed an ice dragon
  1333 | D        | Found a transporter.
  1341 | D        | Killed an ice dragon
  1355 | D        | Killed a blizzard demon
  1441 | D        | Identified the Papyrus of Poison and Confrontation (You found it in the Dungeon)
  1629 | D        | Entered arena 17.
  1633 | D        | Noticed a deep elf high priest
  1633 | D        | Noticed a deep elf annihilator
  1639 | D        | Reached skill level 1 in Earth Magic
  1643 | D        | Found a transporter.
  1647 | D        | Killed a deep elf high priest
  1651 | D        | Received a gift from Okawaru
  1651 | D        | Reached skill level 5 in Earth Magic
  1663 | D        | Killed a deep elf annihilator
  1663 | D        | Gained mutation: Your large and strong wings let you fly indefinitely. [Gargoyle growth]
  1663 | D        | Reached XP level 14. HP: 56/98 MP: 10/23
  1682 | D        | Got the ring "Madau" {Ice Slay+6}
  1827 | D        | Identified Buir's Papyrus of Necromancy and Bewitchment (You found it in the Dungeon)
  1836 | D        | Entered arena 18.
  1840 | D        | Noticed a brown very ugly thing
  1841 | D        | Noticed a bone dragon
  1852 | D        | Killed a brown very ugly thing
  1866 | D        | Found a transporter.
  1885 | D        | Killed a bone dragon
  1920 | D        | Entered arena 19.
  1924 | D        | Noticed a brown very ugly thing
  1927 | D        | Found a transporter.
  1939 | D        | Reached skill level 10 in Charms
  1939 | D        | Reached skill level 10 in Earth Magic
  1942 | D        | Reached skill level 1 in Spellcasting
  1944 | D        | Killed a brown very ugly thing
  1951 | D        | Noticed an entropy weaver
  1951 | D        | a queen ant changed into an entropy weaver
  1958 | D        | Killed an entropy weaver
  1977 | D        | Learned a level 9 spell: Shatter
  1985 | D        | Learned a level 2 spell: Song of Slaying
  1992 | D        | Identified the Almanac of Attacks (You found it in the Dungeon)
  2009 | D        | Entered arena 20.
  2014 | D        | Noticed an azure jelly
  2014 | D        | Noticed an acid blob
  2015 | D        | Noticed an azure jelly
  2045 | D        | Paralysed by a great orb of eyes for 3 turns
  2046 | D        | Slain by an azure jelly

Vault maps used:
D:        sprint_v

Skill      XL: |  1  2  3  4  5  6  7  8  9 10 11 12 13 14 |
---------------+-------------------------------------------+-----
Maces & Flails | 6 11 12 13 14 16 | 16.0
Shields        | 5 12 13 14 15 16 | 16.0
Fighting       | 4 6 7 10 13 14 15 | 15.3
Armour         | 4 6 7 9 11 13 14 | 14.7
Dodging        | 2 3 5 6 8 10 | 10.6
Invocations    | 3 5 7 9 12 | 12.0
Evocations     | 3 4 6 8 9 11 13 | 13.7
Hexes          | 4 7 9 |  9.6
Air Magic      | 3 6 8 |  8.8
Charms         | 8 11 | 11.0
Earth Magic    | 6 11 | 11.6
Spellcasting   | 2 |  2.8

Action                   |  1- 3 |  4- 6 |  7- 9 | 10-12 | 13-15 || total
-------------------------+-------+-------+-------+-------+-------++-------
Melee: Shillelagh        |     8 |       |    30 |   105 |   232 ||   375
       Eveningstar       |       |       |       |       |    29 ||    29
Invok: Finesse           |       |       |       |     1 |     6 ||     7
       Heroism           |       |       |       |     1 |     4 ||     5
 Abil: Fly               |       |       |       |       |     1 ||     1
  Use: Potion            |     2 |       |     1 |     5 |     6 ||    14
       Scroll            |       |       |     3 |     1 |     3 ||     7
  Eat: Bread ration      |       |       |       |       |     1 ||     1
Armor: Plate armour      |     4 |       |    11 |    39 |   159 ||   213
Dodge: Dodged            |       |       |       |     6 |    69 ||    75
Block: Shield            |    17 |       |    54 |   146 |   400 ||   617

Table legend:
 A = Spawn XP
 B = Non-spawn XP
 C = Spawn XP percentage of total XP
 D = Spawn monster count
 E = Non-spawn monster count
 F = Spawn count percentage of total count
 G = Total turns spent on level
                    A         B        C        D         E        F      G
               +---------+---------+-------+---------+---------+-------+---------
         Total |       0 |   75514 |   0.0 |       0 |     169 |   0.0 |  2046
               +---------+---------+-------+---------+---------+-------+---------
             D |       0 |   75514 |   0.0 |       0 |     169 |   0.0 |  2046
               +---------+---------+-------+---------+---------+-------+---------
